 Dungeon Crawl Stone Soup version 0.30-a0-424-g7412bad402 (webtiles) character file.

Game seed: 16551415973154338432

2706 bande the Cleaver (level 9, -6/55 HPs)
             Began as a Gargoyle Fighter on Dec 10, 2022.
             Mangled by a cyclops (20 damage)
             ... on level 7 of the Dungeon.
             The game lasted 00:12:51 (6337 turns).

bande the Cleaver (Gargoyle Fighter)                Turns: 6337, Time: 00:12:52

Health: -6/55      AC: 24    Str: 21    XL:     9   Next: 65%
Magic:  9/9        EV:  7    Int: 10    God:
Gold:   221        SH:  5    Dex: 11    Spells: 8/8 levels left

rFire   . . .      SeeInvis +    a - +1 war axe
rCold   . . .      Faith    .    c - +0 buckler
rNeg    + + .      Spirit   .    i - +0 chain mail
rPois   ∞          Reflect  .    e - +2 helmet {SInv}
rElec   +          Harm     .    q - +2 cloak
rCorr   .          Rampage  .    p - +0 pair of gloves
Will    .....                    (no boots)
Stlth   ..........               (no amulet)
HPRegen 0.29/turn                d - ring of positive energy
MPRegen 0.11/turn                (no ring)

@: no status effects
A: sickness immunity, AC +6, negative energy resistance 1, electricity
resistance, torment resistance 1, petrification resistance
a: no special abilities


You were on level 7 of the Dungeon.
You visited 1 branch of the dungeon, and saw 7 of its levels.

You collected 221 gold pieces.

Inventory:

Hand Weapons
 a - a +1 war axe (weapon)
 l - a +0 war axe
 n - a +2 vorpal mace
Armour
 c - a +0 buckler (worn)
 e - a +2 helmet of see invisible (worn)
 i - a +0 chain mail (worn)
 p - a +0 pair of gloves (worn)
 q - a +2 cloak (worn)
Jewellery
 d - a ring of positive energy (left hand)
Wands
 o - a wand of polymorph (10)
Scrolls
 k - a scroll of amnesia
 m - 2 scrolls of butterflies
 s - 2 scrolls of identify
Potions
 b - 2 potions of degeneration {unknown}
 f - 2 potions of heal wounds {unknown}
 g - a potion of resistance {unknown}
 h - a potion of haste {unknown}
 j - 3 potions of lignification {unknown}
 r - a potion of cancellation {unknown}


   Skills:
 + Level 6.1 Fighting
 + Level 8.2 Axes
 + Level 6.5 Armour
 + Level 5.3 Shields
 * Level 4.4 Evocations


You had 8 spell levels left.
You didn't know any spells.
Your spell library contained the following spells:

 Spells                   Type           Power      Damage    Failure   Level
 Freeze                   Ice            0%         1d3       98%         1
 Frozen Ramparts          Ice            0%         1d1       100%        3
 Hailstorm                Conj/Ice       0%         3d3       100%        3


Dungeon Overview and Level Annotations

Branches:
Dungeon (7/15)
 Temple: D:4-7

Altars:
Ashenzari
Dithmenos
Qazlal
Ru
Sif Muna
Trog
Wu Jian
Yredelemnul
The Shining One

Shops:
D:6 !


Innate Abilities, Weirdness & Mutations

You are immune to sickness and miasma.
Your stone body is resilient. (AC +6)
You are immune to poison.
You resist negative energy. (rN+)
You are resistant to electric shocks. (rElec)
You are resistant to unholy torment.
You are immune to petrification.


Message History

The kobold brigand is severely wounded.
The kobold brigand hits you but does no damage.
You hit the kobold brigand but do no damage.
The kobold brigand is severely wounded.
The kobold brigand barely misses you.
You barely miss the kobold brigand.
The kobold brigand is severely wounded.
The kobold brigand hits you but does no damage.
You hit the kobold brigand.
The kobold brigand is severely wounded.
The kobold brigand barely misses you.
You barely miss the kobold brigand.
The kobold brigand is severely wounded.
The kobold brigand hits you but does no damage.
You slash the kobold brigand!
You kill the kobold brigand!
You hit the cyclops but do no damage.
The cyclops is heavily wounded.
The jelly jiggles.
You hit the cyclops.
The cyclops is heavily wounded.
You hit the cyclops.
The cyclops is heavily wounded.
The cyclops hits you!!
* * * LOW HITPOINT WARNING * * *
You hit the cyclops.
The cyclops is heavily wounded.
The cyclops hits you but does no damage.
You hit the cyclops but do no damage.
The cyclops is heavily wounded.
The cyclops hits you but does no damage.
You hit the cyclops.
The cyclops is heavily wounded.
The cyclops hits you but does no damage.
You slash the cyclops!
The cyclops is severely wounded.
You hit the cyclops.
The cyclops is almost dead.
The cyclops hits you!!
You die...

#.........
.....!≈?.....#.........
.....≈o.... ###+##....
..≈≈≈≈≈.. ##....#....
..$≈!.. #..........


KK≈oo #.......... WoJ #######...#### #C###'##.##..## #@##..........#
#.............# ####..........# ############ You could see a cyclops, a wraith,
a jelly, an orc wizard, 3 orcs and 2 kobolds.

Vanquished Creatures
  A hornet (D:7)
  A water moccasin (D:6)
  5 black bears
  2 orc warriors
  2 sky beasts (D:6)
  An ice beast (D:7)
  2 ogres
  A centaur (D:5)
  A phantom (D:6)
  A kobold brigand (D:7)
  A bullfrog (D:6)
  2 necrophages (D:6)
  4 scorpions
  A jelly (D:7)
  3 hounds
  6 orc priests
  Jessica (D:2)
  An iguana (D:6)
  3 orc wizards
  9 adders
  A white imp (D:6)
  A worm (D:2)
  3 dart slugs
  35 orcs
  7 ball pythons
  8 endoplasms
  3 giant cockroaches
  4 goblins
  9 hobgoblins
  A jackal (D:3)
  5 quokkas
  7 bats
  6 kobolds
  11 rats
149 creatures vanquished.

Notes
Turn   | Place    | Note
-------+----------+-------------------------------------------
     0 | D:1      | bande the Gargoyle Fighter began the quest for the Orb.
     0 | D:1      | Reached XP level 1. HP: 14/14 MP: 1/1
   132 | D:1      | Reached XP level 2. HP: 19/19 MP: 2/2
   409 | D:1      | Reached skill level 2 in Axes
   410 | D:1      | Reached XP level 3. HP: 20/23 MP: 3/3
   848 | D:2      | Noticed Jessica
   861 | D:2      | Killed Jessica
   862 | D:2      | Reached XP level 4. HP: 21/29 MP: 4/4
  1350 | D:2      | Reached skill level 3 in Axes
  1356 | D:2      | Noticed an ogre
  1361 | D:2      | Killed an ogre
  1362 | D:2      | Reached XP level 5. HP: 4/33 MP: 5/5
  2098 | D:3      | Reached XP level 6. HP: 37/38 MP: 6/6
  2166 | D:3      | Reached skill level 4 in Axes
  2281 | D:3      | Found a basalt altar of Yredelemnul.
  2314 | D:3      | Found a shimmering blue altar of Sif Muna.
  2829 | D:4      | Noticed a black bear
  2846 | D:3      | HP: 1/38 [black bear (2)]
  2850 | D:3      | Killed a black bear
  2851 | D:3      | Reached skill level 1 in Evocations
  3172 | D:4      | Reached XP level 7. HP: 27/44 MP: 7/7
  3278 | D:4      | Found a glowing golden altar of the Shining One.
  3281 | D:4      | Reached skill level 5 in Axes
  3338 | D:4      | Reached skill level 5 in Armour
  3752 | D:4      | Found a shadowy altar of Dithmenos.
  3830 | D:4      | Found an ornate altar of the Wu Jian Council.
  3940 | D:4      | Found a stormy altar of Qazlal.
  3963 | D:4      | Reached XP level 8. HP: 48/48 MP: 8/8
  4128 | D:5      | Entered Level 5 of the Dungeon
  4262 | D:5      | Reached skill level 5 in Fighting
  4277 | D:5      | Reached skill level 6 in Axes
  4572 | D:5      | Found a sacrificial altar of Ru.
  4994 | D:6      | Found a large runed translucent door.
  4994 | D:6      | Found a large runed translucent door.
  5071 | D:6      | Reached skill level 7 in Axes
  5130 | D:6      | Reached skill level 5 in Shields
  5142 | D:6      | Reached XP level 9. HP: 49/54 MP: 9/9
  5616 | D:6      | Found Rammid's Distillery.
  6169 | D:6      | Found a bloodstained altar of Trog.
  6179 | D:6      | Found a broken altar of Ashenzari.
  6292 | D:7      | Noticed a cyclops
  6296 | D:7      | Noticed a hornet
  6303 | D:7      | Reached skill level 8 in Axes
  6320 | D:7      | Killed a hornet
  6337 | D:7      | Mangled by a cyclops

Illustrated notes

Levels and vault maps discovered:
D:1:      scummos_arrival_gate, layout_loops_cross, minmay_tree_intersection
D:2:      layout_basic, uniq_jessica
D:3:      layout_loops_ring, lemuel_tele_altar, amcnicky_altar_gilded,
          st_stairs_12
D:4:      layout_cave_pools, overflow_temple_1_default, grunt_dithmenos_smoke,
          mainiacjoe_overflow_brackets, lemuel_round_altar
D:5:      layout_cave_pools, mainiacjoe_overflow_six_doors_small
D:6:      layout_cave_pods, jmf_multi_god_temple2, serial_shops,
          nicolae_square_shop
D:7:      layout_gridville, minmay_temple_entry_offerings,
          nicolae_ossuary_entry_monument, grunt_potential

Skill      XL: |  1  2  3  4  5  6  7  8  9 |
---------------+----------------------------+-----
Axes           | 2 3 4 5 7 8 |  8.2
Shields        | 4 5 |  5.3
Fighting       | 4 5 6 |  6.1
Armour         | 4 5 6 |  6.5
Evocations     | 1 2 3 4 |  4.4

Action                   |  1- 3 |  4- 6 |  7- 9 || total
-------------------------+-------+-------+-------++-------
Melee: War axe           |    69 |   126 |   283 ||   478
Evoke: Wand              |       |       |     2 ||     2
  Use: Scroll            |     2 |     6 |     3 ||    11
       Potion            |       |     3 |       ||     3
Armor: Scale mail        |    36 |     1 |       ||    37
       Chain mail        |       |    94 |   283 ||   377
Dodge: Dodged            |    47 |    43 |   127 ||   217
Block: Buckler           |    19 |    34 |    59 ||   112

Table legend: (Time is in decaauts)
 A = Elapsed time spent in this place.
 B = Non-inter-level travel time spent in this place.
 C = Inter-level travel time spent in this place.
 D = Time resting spent in this place.
 E = Time spent auto-exploring this place.
 F = Levels seen in this place.
 G = Mean time per level.
                   A        B        C        D        E       F      G
               +--------+--------+--------+--------+--------+-----+--------+
         Total |   6473 |   6391 |     82 |   1458 |   3644 |   7 |  924.7 |
       Dungeon |   6473 |   6391 |     82 |   1458 |   3644 |   7 |  924.7 |
               +--------+--------+--------+--------+--------+-----+--------+

Top non-repeatable levels by time:
     D:4: 1397 daAuts
     D:2: 1323 daAuts
     D:6: 1275 daAuts
     D:3: 1015 daAuts
     D:1: 806 daAuts
     D:5: 519 daAuts
     D:7: 134 daAuts
